 Dungeon Crawl Stone Soup version 0.17.0-28-g6e173f8 (webtiles) character file.

643 4thArraOfDagon the Chopper (level 7, -10/93 HPs)
             Began as a Minotaur Berserker on Nov 22, 2015.
             Was a Believer of Trog.
             Mangled by an orc warrior
             ... wielding a +0 halberd
              (11 damage)
             ... in a bailey.
             The game lasted 00:05:06 (927 turns).

4thArraOfDagon the Chopper (Minotaur Berserker)      Turns: 927, Time: 00:05:06

Health: -10/93     AC:  4    Str: 27    XL:     7   Next: 26%
Magic:  6/6        EV: 12    Int:  6    God:    Trog [**....]
Gold:   111        SH:  0    Dex:  9    Spells: 0 memorised, 6 levels left

rFire  . . .     SeeInvis .     a - +0 hand axe
rCold  . . .     Clarity  .     b - +0 animal skin
rNeg   . . .     SustAt   .     (no shield)
rPois  .         Gourm    .     (helmet restricted)
rElec  .         Spirit   .     h - +1 cloak
rCorr  .         Warding  .     (no gloves)
rMut   .         Stasis   .     (no boots)
MR     .....                    (no amulet)
Stlth  ..........               (no ring)
                                (no ring)

@: berserking, very slightly contaminated, invisible, very quick, not resistant
to hostile enchantments, extremely unstealthy
A: retaliatory headbutt, horns 2
a: Berserk, Trog's Hand, Burn Spellbooks, Renounce Religion


You were in a bailey.
You worshipped Trog.
Trog was pleased with you.
You were very hungry.

You visited 1 branch of the dungeon, and saw 7 of its levels.
You also visited: Bailey.

You collected 111 gold pieces.

Inventory:

Hand Weapons
 a - a +0 hand axe (weapon)
 e - a -2 war axe
Armour
 b - a +0 animal skin (worn)
 h - a +1 cloak (worn)
 l - a +0 large shield
Scrolls
 f - a scroll of immolation
 j - a scroll of teleportation
Potions
 d - a potion of invisibility
 g - a potion of berserk rage
Comestibles
 c - 2 bread rations
 i - a fruit
 k - 2 chunks of flesh


   Skills:
 + Level 5.9 Fighting
 * Level 7.7 Axes
 + Level 5.0 Armour
 - Level 2.1 Dodging


You had 6 spell levels left.
You didn't know any spells.

Dungeon Overview and Level Annotations

Branches:
Dungeon (7/15)
 Temple: D:4-7

Altars:
Dithmenos

Shops:
D:5 }


Innate Abilities, Weirdness & Mutations

You reflexively headbutt those who attack you in melee.
You have a pair of horns on your head.


Message History

Unknown command.
Unknown command.
You barely miss the orc warrior.
The orc warrior is almost dead.
You closely miss the orc.
You hit the orc warrior but do no damage.
The orc warrior is severely wounded.
The orc warrior closely misses you. The orc hits you with a halberd!
* * * LOW HITPOINT WARNING * * *
Unknown command.
Unknown command.
Unknown command.
You miss the orc warrior. You headbutt the orc warrior!
You kill the orc warrior!
Trog accepts your kill.
Your Armour skill increases to level 5!
You closely miss the orc. You barely miss the orc warrior.
The orc warrior is almost dead.
The orc warrior hits you with a halberd!
You die...

#∩.≈≈..# #+# #.≈≈..## +#.#
#.≈..## ... #.≈.##.$$ ..
#.≈.##### ####### #.≈..#####
##...... #.≈≈≈≈≈≈≈#######
##..≈≈≈≈≈ #.........##o..##
##..≈≈....
########.##@o≈..###..≈≈..###
####...##.o.≈≈.....≈≈..##
##∩..#######..≈≈≈≈≈≈≈..##
#∩#### ##.........## ###
###########


You could see an orc warrior and 2 orcs.

Vanquished Creatures
  An orc warrior (Bailey)
  2 centaurs
  An ogre (D:5)
  A giant frog (D:6)
  A scorpion (D:5)
  2 hounds (D:5)
  Crazy Yiuf (D:5)
  3 gnolls (D:5)
  7 adders
  An ooze (D:2)
  2 orcs
  A ball python (D:2)
  2 giant cockroaches
  6 goblins
  2 hobgoblins
  3 kobolds
  A giant newt (D:1)
  2 rats (D:2)
39 creatures vanquished.

Notes
Turn   | Place    | Note
--------------------------------------------------------------
     0 | D:1      | 4thArraOfDagon the Minotaur Berserker began the quest for the Orb.
     0 | D:1      | Reached XP level 1. HP: 19/19 MP: 0/0
    36 | D:2      | Reached skill level 4 in Axes
    36 | D:2      | Reached XP level 2. HP: 26/27 MP: 1/1
   101 | D:2      | Reached XP level 3. HP: 33/33 MP: 2/2
   333 | D:2      | Found a shadowy altar of Dithmenos.
   344 | D:2      | Reached ** piety under Trog
   372 | D:5      | Entered Level 5 of the Dungeon
   372 | D:5      | Noticed a scorpion
   383 | D:5      | Killed a scorpion
   383 | D:5      | Reached skill level 5 in Axes
   383 | D:5      | Reached XP level 4. HP: 41/41 MP: 3/3
   415 | D:5      | Reached XP level 5. HP: 28/47 MP: 4/4
   426 | D:5      | Noticed a centaur
   434 | D:5      | Killed a centaur
   434 | D:5      | Reached skill level 5 in Fighting
   434 | D:5      | Reached skill level 6 in Axes
   518 | D:5      | Reached XP level 6. HP: 31/56 MP: 5/5
   528 | D:5      | Found Lafe's Gadget Boutique.
   550 | D:5      | Noticed Crazy Yiuf
   558 | D:5      | Killed Crazy Yiuf
   593 | D:5      | Noticed an ogre
   639 | D:5      | Killed an ogre
   645 | D:5      | Noticed a phantom
   707 | D:6      | Reached skill level 7 in Axes
   726 | D:6      | Reached XP level 7. HP: 50/62 MP: 6/6
   748 | D:7      | Found a flagged portal.
   786 | Bailey   | Entered a bailey
   926 | Bailey   | HP: 1/93 [orc/halberd (7)]
   927 | Bailey   | Reached skill level 5 in Armour
   927 | Bailey   | Mangled by an orc warrior

Action                   |  1- 3 |  4- 6 |  7- 9 || total
-------------------------+-------+-------+-------++-------
Melee: Hand axe          |    31 |    31 |     6 ||    68
       War axe           |       |    12 |     2 ||    14
Invok: Berserk           |     4 |     3 |     2 ||     9
       Trog's Hand       |       |     3 |     2 ||     5
  Use: Potion            |       |     2 |     2 ||     4
       Scroll            |       |     5 |       ||     5
 Stab: Invisible         |       |     1 |     2 ||     3
  Eat: Chunk             |     2 |     3 |       ||     5
       Bread ration      |       |     1 |       ||     1
